Map: Rhoskallian LE

Players

qqq

  • Race: Zerg Zerg
  • Spawn Location: 11:00

Massa

  • Race: Terran Terran
  • League: Platinum
  • Spawn Location: 12:00

Zorgling - Winner!

  • Race: Terran Terran
  • Spawn Location: 6:00

llllllllllll - Winner!

  • Race: Terran Terran
  • Spawn Location: 5:00

VOD

Have the link to the VOD?

Description

Time

  • Played on: Jan. 29, 2021, 10:31 a.m.
  • Length: 19:11
Show
View Real Time Build Order
Export as new Build Order

qqq Zerg 

Build Orders: Hatch First 

Get SALT Encoding   

  12  0:00  Drone  
  13  0:08  Drone  
  14  0:22  Overlord  
  14  0:53  Hatchery  
  14  0:56  Drone x2  
  15  1:01  Drone  
  16  1:09  Drone  
  17  1:24  Extractor, Spawning Pool  
  15  1:27  Drone  
  15  1:32  Drone  
  17  1:53  Drone x2  
  19  2:01  Drone  
  19  2:07  Drone  
  21  2:12  Queen  
  21  2:13  Queen  
  24  2:20  Zergling x2  
  24  2:22  Drone  
  26  2:24  Zergling x2  
  26  2:28  Drone  
  28  2:34  Metabolic Boost  
  28  2:37  Overlord  
  27  2:59  Zergling x4  
  27  3:00  Drone x3  
  32  3:10  Zergling x2  
  32  3:11  Drone  
  34  3:22  Drone  
  35  3:32  Lair, Overlord  
  35  3:41  Extractor, Drone  
  35  3:42  Hatchery  
  35  3:45  Evolution Chamber  
  35  3:46  Drone  
  35  3:47  Evolution Chamber  
  33  3:50  Overlord  
  33  3:54  Drone  
  34  3:56  Drone  
  34  3:59  Drone  
  34  4:01  Drone  
  37  4:05  Drone  
  37  4:06  Drone  
  39  4:10  Drone  
  39  4:16  Drone x2  
  43  4:17  Drone  
  43  4:22  Zerg Melee Weapons Level 1  
  43  4:28  Zerg Ground Armor Level 1  
  43  4:30  Drone  
  44  4:32  Drone  
  44  4:35  Drone  
  44  4:37  Drone  
  47  4:39  Drone  
  48  4:47  Drone  
  48  4:49  Infestation Pit  
  48  4:54  Spore Crawler  
  48  4:56  Spore Crawler  
  48  4:58  Spore Crawler  
  45  5:01  Drone x2  
  45  5:04  Zergling x2, Overlord  
  45  5:05  Zergling x2  
  49  5:07  Zergling x2  
  49  5:11  Zergling x2  
  52  5:14  Drone x4  
  52  5:17  Extractor  
  52  5:18  Extractor  
  52  5:19  Drone  
  54  5:25  Hive  
  54  5:26  Drone  
  54  5:27  Zergling x2  
  56  5:30  Zergling x2  
  56  5:31  Drone  
  58  5:41  Zergling x6  
  58  5:42  Overlord  
  61  5:43  Drone x2  
  63  5:53  Drone  
  63  5:54  Drone x2  
  66  5:58  Overlord x2  
  66  6:02  Queen  
  68  6:11  Spire  
  67  6:13  Spore Crawler  
  66  6:35  Spore Crawler  
  66  6:39  Drone x3  
  68  6:47  Zerg Melee Weapons Level 2  
  68  6:49  Zerg Ground Armor Level 2, Ultralisk Cavern  
  68  6:50  Drone x2  
  68  6:52  Drone x3  
  68  6:53  Hatchery  
  71  6:54  Drone  
  71  7:01  Drone x2  
  74  7:03  Zergling x2  
  74  7:04  Zergling x2  
  76  7:09  Spore Crawler  
  76  7:12  Spore Crawler  
  76  7:14  Drone x3, Spine Crawler  
  76  7:25  Mutalisk x3  
  76  7:29  Drone x3  
  77  7:40  Mutalisk x2  
  77  7:42  Ultralisk  
  85  7:49  Drone  
  86  8:01  Mutalisk x2  
  90  8:12  Corruptor  
  92  8:13  Drone x2  
  92  8:14  Drone  
  95  8:26  Anabolic Synthesis  
  95  8:32  Zergling x2  
  87  8:50  Zergling x2, Ultralisk  
  87  8:51  Zergling x6  
  87  8:53  Drone  
  87  8:54  Drone x2  
  94  8:55  Zergling x2  
  94  8:57  Overlord  
  95  9:08  Extractor  
  95  9:09  Extractor  
  93  9:11  Overlord x3  
  93  9:15  Overlord  
  93  9:16  Overlord x3  
  93  9:22  Ultralisk  
  99  9:28  Zerg Melee Weapons Level 3  
  97  9:46  Chitinous Plating  
  97  9:49  Zergling x6  
  97  9:50  Zergling x8  
  97  9:51  Drone x3  
  107  9:59  Ultralisk  
  112  10:09  Ultralisk  
  112  10:11  Drone x3  
  121  10:14  Zergling x4  
  121  10:15  Zergling x4  
  125  10:26  Hatchery  
  123  10:42  Hatchery  
  121  10:44  Hatchery  
  118  10:55  Ultralisk  
  118  10:56  Ultralisk x3  
  122  10:59  Overlord x2  
  122  11:00  Overlord x5  
  122  11:11  Overlord  
  118  11:12  Drone x3  
  121  11:23  Ultralisk x2  
  121  11:24  Zergling x2  
  134  11:26  Extractor  
  134  11:31  Extractor  
  122  11:42  Zergling x6, Ultralisk  
  122  11:43  Zergling x4  
  132  11:56  Zergling x6, Ultralisk  
  132  11:57  Zergling x8  
  137  12:02  Drone x3  
  137  12:03  Drone x2  
  137  12:05  Hydralisk Den  
  117  12:11  Ultralisk  
  117  12:13  Drone x2  
  118  12:26  Zerg Ground Armor Level 3  
  118  12:30  Spine Crawler x2  
  118  12:31  Zergling x14  
  118  12:32  Drone x2, Zergling x2  
  118  12:33  Drone x4  
  130  12:41  Drone x3  
  130  12:42  Ultralisk  
  130  12:43  Ultralisk  
  145  12:45  Hydralisk  
  145  12:47  Hatchery  
  145  12:48  Zerg Missile Weapons Level 1  
  146  12:57  Drone x2  
  146  12:58  Drone x2  
  150  13:00  Ultralisk  
  153  13:11  Hydralisk  
  153  13:12  Hydralisk x5  
  149  13:30  Ultralisk x2  
  142  13:37  Drone  
  142  13:38  Drone x2  
  145  13:43  Ultralisk  
  145  13:44  Hydralisk, Zergling x4  
  155  13:50  Muscular Augments  
  142  14:05  Drone x2  
  144  14:18  Hatchery  
  143  14:25  Ultralisk  
  149  14:32  Hatchery  
  100  14:57  Ultralisk x3  
  100  14:58  Zergling x4  
  100  14:59  Hydralisk x2  
  108  15:14  Ultralisk  
  108  15:15  Hydralisk  
  110  15:23  Spine Crawler  
  103  15:28  Ultralisk  
  102  15:39  Ultralisk  
  102  15:40  Drone  
  86  15:59  Hydralisk x2, Ultralisk  
  86  16:03  Drone x3  
  99  16:08  Zerg Missile Weapons Level 2  
  99  16:22  Hydralisk  
  99  16:23  Hydralisk  
  97  16:28  Viper  
  97  16:29  Viper  
  97  16:32  Drone x2  
  103  16:33  Drone x4  
  103  16:36  Viper  
  110  16:52  Drone x2  
  112  16:55  Ultralisk  
  112  16:56  Hydralisk x2  
  113  17:14  Drone x2  
  100  17:19  Hydralisk x2, Ultralisk  
  100  17:20  Hydralisk  
  108  17:30  Zergling x10  
  108  17:43  Hatchery  
  107  18:11  Hydralisk, Ultralisk  
Show
View Real Time Build Order
Export as new Build Order

Massa Terran 

Build Orders: 2 Factory 

Get SALT Encoding   

  12  0:00  SCV  
  13  0:13  SCV  
  14  0:24  Supply Depot  
  14  0:26  SCV  
  15  0:46  SCV  
  15  0:47  Barracks  
  16  0:50  Refinery  
  16  0:58  SCV  
  17  1:10  SCV  
  18  1:20  Supply Depot  
  18  1:24  Supply Depot  
  18  1:37  Orbital Command  
  18  1:38  Barracks Reactor  
  18  1:59  Command Center  
  18  2:03  SCV  
  19  2:17  Marine  
  19  2:18  Marine  
  21  2:25  Factory  
  21  2:37  SCV  
  21  3:01  Marine  
  21  3:02  Marine  
  21  3:05  SCV  
  24  3:09  Hellion  
  25  3:17  SCV  
  25  3:19  Marine x2  
  28  3:29  Factory  
  28  3:31  SCV  
  29  3:36  Marine  
  29  3:37  Hellion, Marine  
  33  3:50  Refinery  
  33  3:58  Starport  
  33  4:03  Barracks Tech Lab  
  33  4:08  Hellion x2  
  37  4:21  Orbital Command  
  37  4:35  Barracks Tech Lab  
  37  4:42  SCV  
  38  4:48  Engineering Bay, Medivac  
  40  4:54  Refinery, SCV  
  40  4:55  SCV  
  40  4:56  Refinery  
  40  4:59  Medivac  
  44  5:06  SCV  
  47  5:07  Widow Mine, SCV  
  47  5:09  Hellion  
  47  5:11  Marine  
  51  5:18  SCV  
  51  5:19  SCV  
  53  5:29  Marine  
  53  5:30  Supply Depot  
  54  5:51  SCV x2, Medivac  
  58  6:03  SCV x2  
  60  6:05  Marine  
  60  6:22  Marine  
  55  6:27  SCV x2  
  55  6:39  SCV x2  
  53  6:40  Marine, Siege Tank  
  56  6:51  SCV x2  
  58  6:55  Missile Turret  
  58  6:58  Marine, Missile Turret  
  55  7:16  Marine  
  55  7:21  Missile Turret  
  55  7:23  Missile Turret  
  55  7:25  Missile Turret, Siege Tank  
  55  7:29  Medivac x2  
  62  7:35  Factory Reactor  
  62  7:42  Barracks x2  
  62  7:45  Supply Depot  
  62  7:55  SCV, Marine  
  62  8:13  Marine  
  62  8:17  Stimpack  
  63  8:21  Siege Tank  
  63  8:23  Viking x2  
  70  8:35  Supply Depot  
  70  8:37  SCV, Supply Depot  
  70  8:38  SCV  
  69  8:49  SCV  
  70  8:56  SCV, Siege Tank  
  74  9:09  Barracks Tech Lab  
  74  9:10  Barracks Reactor  
  74  9:11  Terran Infantry Weapons Level 1, Command Center  
  74  9:29  Siege Tank  
  74  9:30  Liberator  
  80  10:14  Liberator  
  80  10:15  Liberator  
  86  10:34  Siege Tank  
  89  10:36  Marine  
  89  10:37  Marine x3  
  90  10:54  Marine  
  90  10:55  Marine x3  
  94  11:02  Widow Mine x2  
  95  11:12  Marine x3  
  95  11:13  Marine  
  95  11:30  Marine x3  
  95  11:31  Marauder, Combat Shield  
  94  11:54  Viking x2  
  96  12:15  Marauder x2  
  96  12:16  Marine x2  
  96  12:21  SCV x2  
  100  12:33  SCV  
  101  12:41  Supply Depot  
  101  12:42  Supply Depot x2  
  101  12:44  Supply Depot  
  101  12:55  Command Center  
  101  13:02  SCV, Marine, Viking x2  
  101  13:03  Marauder  
  101  13:04  SCV  
  110  13:07  Supply Depot  
  110  13:08  Marauder, Marine, Command Center, Supply Depot  
  110  13:10  Widow Mine x2, Supply Depot, Engineering Bay, Siege Tank  
  120  13:15  SCV  
  120  13:16  SCV  
  122  13:20  Marine  
  122  13:24  Marauder  
  122  13:26  Marine  
  127  13:27  SCV  
  127  13:28  SCV  
  127  13:30  Marauder  
  127  13:32  Liberator  
  133  13:38  Marine  
  133  13:39  SCV  
  133  13:40  SCV, Armory  
  135  13:46  Marauder  
  130  13:49  Marine  
  130  13:51  Marauder  
  133  13:56  Marine  
  134  14:07  Marauder  
  136  14:12  Marauder  
  138  14:39  Viking x2  
  139  14:49  Planetary Fortress  
  129  14:55  Marauder x2, Marine x2  
  129  14:57  Widow Mine, Siege Tank  
  129  14:58  Widow Mine  
  138  15:09  Viking x2  
  138  15:12  Command Center  
  138  15:13  Marine x2  
  144  15:16  Marauder x2  
  144  15:19  Widow Mine  
  150  15:31  Marine  
  151  15:38  Marauder x2  
  114  15:54  Viking x2  
  112  16:24  Viking x2  
  108  16:53  Liberator  
  108  16:54  Liberator  
  114  17:08  Terran Infantry Armor Level 1  
  109  17:11  Barracks  
  109  17:12  Barracks  
  68  17:33  Marine  
  68  17:34  Marauder, Marine x2  
  71  17:51  Marine  
  69  18:36  Viking x2  
  73  18:42  Command Center  
Show
View Real Time Build Order
Export as new Build Order

Zorgling Terran - Winner!

Build Orders: Reaper Expand 

Get SALT Encoding   

  12  0:00  SCV  
  13  0:12  SCV  
  14  0:24  SCV  
  14  0:25  Supply Depot  
  15  0:47  SCV  
  15  0:48  Barracks  
  16  0:53  Refinery  
  16  0:59  SCV  
  17  1:11  SCV  
  18  1:23  SCV  
  19  1:36  Reaper  
  20  1:40  Orbital Command  
  20  1:52  Command Center  
  20  2:08  Marine  
  21  2:12  Bunker  
  21  2:16  SCV, Supply Depot  
  22  2:28  SCV  
  23  2:41  SCV  
  24  2:48  Factory  
  24  2:50  Barracks Reactor  
  24  2:56  SCV  
  25  2:58  Refinery  
  25  3:06  Orbital Command  
  25  3:08  SCV  
  26  3:20  SCV  
  27  3:31  Marine  
  27  3:32  SCV  
  27  3:34  Starport, Factory Reactor  
  29  3:36  Marine  
  29  3:39  SCV  
  31  3:44  SCV  
  32  3:49  Marine  
  32  3:54  Marine  
  34  3:56  SCV, Command Center  
  34  3:57  SCV  
  36  4:06  Marine  
  36  4:08  SCV  
  36  4:09  SCV  
  39  4:11  Refinery  
  39  4:12  Marine  
  40  4:21  SCV  
  41  4:24  Factory Tech Lab, Marine  
  41  4:26  Medivac x2  
  46  4:31  Refinery  
  46  4:32  Engineering Bay x2  
  46  4:40  Supply Depot  
  46  4:51  Barracks  
  46  4:53  Barracks  
  46  5:00  Barracks  
  46  5:01  Marine  
  46  5:02  SCV x2, Siege Tank  
  52  5:12  Orbital Command  
  52  5:14  SCV  
  52  5:17  Supply Depot  
  52  5:19  Supply Depot  
  52  5:20  Terran Infantry Weapons Level 1  
  53  5:24  Terran Infantry Armor Level 1  
  53  5:33  SCV  
  53  5:34  Marine x2  
  56  5:42  Barracks Tech Lab  
  56  5:45  SCV  
  57  5:52  Marine x2, Siege Tank  
  62  6:06  Barracks Reactor  
  62  6:10  Stimpack  
  62  6:12  SCV  
  63  6:30  Marine  
  63  6:31  Missile Turret x2  
  63  6:32  Marine x3  
  65  6:36  SCV  
  65  6:37  Orbital Command  
  65  6:39  SCV  
  69  6:42  Armory  
  69  6:44  Marine x2, Supply Depot  
  69  6:46  Supply Depot  
  71  6:48  SCV, Marine  
  71  6:50  Marine x2  
  75  6:55  Barracks  
  75  6:56  Barracks  
  75  7:00  SCV  
  76  7:02  Missile Turret  
  76  7:03  SCV  
  76  7:04  Marine x2, Missile Turret  
  79  7:15  SCV  
  80  7:17  SCV, Marauder  
  80  7:18  Marine x3  
  80  7:22  Marine x2  
  87  7:27  SCV  
  87  7:29  Terran Infantry Weapons Level 2  
  89  7:30  Supply Depot  
  89  7:32  Terran Infantry Armor Level 2  
  89  7:36  Marine x3  
  89  7:38  Marauder  
  91  7:44  SCV, Missile Turret  
  91  7:46  Marine x2  
  91  7:49  Combat Shield  
  94  7:53  Marine x2  
  94  7:54  Marine x3  
  94  7:56  SCV  
  100  7:59  Marauder  
  102  8:07  Marine x2  
  102  8:08  SCV  
  102  8:11  Marine, Medivac  
  108  8:14  Medivac  
  108  8:19  Marine  
  109  8:28  Supply Depot  
  109  8:30  Barracks Reactor, Barracks Tech Lab, Marine x2, Supply Depot  
  109  8:31  SCV x2, Marauder  
  115  8:36  Marine x2  
  115  8:37  Marine  
  118  8:52  Marauder  
  118  8:55  Marauder, Marine x4  
  125  8:58  Concussive Shells  
  125  8:59  Supply Depot  
  125  9:01  Fusion Core  
  126  9:10  Starport  
  126  9:14  Marauder  
  127  9:29  Medivac x2, Supply Depot  
  129  9:32  Marine x6  
  129  9:33  Marine  
  129  9:35  Marauder  
  138  9:54  Marine x4  
  138  9:55  Marauder, Marine x3  
  138  9:56  Marauder  
  147  10:12  Marine x4  
  148  10:14  Marine x2  
  148  10:16  Marauder  
  148  10:18  Marauder  
  154  10:25  Barracks  
  154  10:26  Starport Tech Lab  
  154  10:29  Supply Depot  
  151  10:37  Marauder  
  151  10:39  Marauder  
  154  10:46  Terran Infantry Weapons Level 3  
  154  10:59  Marauder  
  154  11:01  Marauder  
  150  11:11  Command Center  
  150  11:20  Marauder  
  150  11:22  Marauder  
  150  11:23  Terran Infantry Armor Level 3  
  150  11:25  Orbital Command  
  145  11:45  Marine  
  145  11:46  Marauder x2, Marine, Medivac x2  
  153  12:06  SCV  
  129  12:09  Marine x2  
  126  12:18  SCV  
  126  12:20  SCV  
  128  12:24  Marine x2  
  128  12:27  SCV  
  131  12:30  Planetary Fortress  
  131  12:31  SCV  
  132  12:43  SCV  
  133  12:48  Refinery  
  133  12:49  Refinery, Marine x4  
  133  12:50  Marine x5  
  142  12:55  SCV  
  142  12:56  Refinery x2, Missile Turret  
  143  13:07  Marine x3  
  146  13:21  Marine x4  
  146  13:22  Marauder x2  
  147  13:42  Marine x2  
  147  13:43  Marauder x2  
  147  13:44  Battlecruiser  
  159  13:53  SCV  
  153  14:01  Marine x5  
  113  14:04  Marauder x2  
  113  14:05  SCV  
  113  14:06  SCV  
  113  14:08  Command Center  
  119  14:17  SCV  
  119  14:26  Marauder x2, Medivac x2  
  117  14:49  Battlecruiser  
  115  14:56  Medivac x2  
  116  15:02  Marine  
  116  15:03  Marine x8  
  125  15:20  Marine x2  
  125  15:21  Marine x3  
  128  15:23  Marine  
  112  15:53  Weapon Refit  
  109  16:28  Marine x2  
  109  16:29  Marauder x2, Marine x2  
  109  16:31  Marine x2  
  119  16:41  SCV  
  119  16:44  Battlecruiser  
  119  16:46  Marine x3  
  119  16:47  Marine  
  129  16:49  Marine x2  
  129  16:51  Marauder x2  
  136  17:04  Marine x2  
  137  17:12  Marauder x2  
  141  17:27  Marine  
  141  17:28  Marine x4  
  141  17:29  Marine  
  147  17:33  Marauder x2  
  141  17:45  Marine  
  142  17:55  Marauder x2  
  134  18:16  Marauder x2, Marine x4  
  134  18:18  Medivac x2  
  146  18:26  Supply Depot  
  146  18:37  Marauder  
  146  18:38  Marauder  
  149  18:44  Missile Turret  
  149  18:47  Marine  
  149  18:48  Marine x5  
Show
View Real Time Build Order
Export as new Build Order

llllllllllll Terran - Winner!

Build Orders: 2 Factory, Mech 

Get SALT Encoding   

  12  0:00  SCV  
  13  0:15  SCV  
  14  0:23  Supply Depot  
  14  0:27  SCV  
  15  0:30  Refinery  
  15  0:45  SCV  
  15  0:48  Barracks  
  16  0:57  SCV  
  17  1:09  SCV  
  18  1:21  SCV  
  19  1:33  SCV  
  19  1:36  Reaper  
  21  1:43  Command Center  
  21  1:53  Orbital Command  
  21  2:19  SCV  
  21  2:22  Refinery  
  22  2:23  Supply Depot  
  22  2:36  Barracks Reactor  
  22  2:37  SCV, Factory  
  23  2:49  SCV  
  24  3:00  Orbital Command  
  24  3:01  SCV  
  24  3:06  Supply Depot  
  24  3:10  Refinery  
  24  3:13  SCV  
  25  3:24  Barracks Tech Lab  
  25  3:25  SCV, Factory  
  26  3:28  Refinery, SCV  
  26  3:33  Hellion  
  29  3:37  Hellion  
  29  3:39  SCV  
  32  3:42  SCV  
  33  3:51  SCV  
  33  3:54  SCV  
  35  4:00  Hellion x2  
  39  4:05  SCV  
  39  4:06  SCV, Supply Depot  
  41  4:17  Starport, Barracks Reactor  
  41  4:21  Hellion x2  
  45  4:26  Infernal Pre-Igniter  
  45  4:28  SCV x2  
  47  4:33  Siege Tank  
  50  4:41  SCV x2  
  52  5:02  Factory, Liberator  
  52  5:03  Liberator  
  52  5:04  Barracks Tech Lab  
  58  5:09  Command Center  
  58  5:14  Supply Depot  
  58  5:17  Supply Depot  
  58  5:24  Armory  
  58  5:31  Siege Tank  
  61  5:41  Barracks Tech Lab  
  61  6:01  Hellion x2  
  61  6:02  Viking x2  
  69  6:22  Orbital Command  
  69  6:23  Siege Tank  
  72  6:33  SCV, Hellion x2, Siege Tank  
  72  6:38  Armory, Terran Vehicle Weapons Level 1  
  80  7:01  Orbital Command  
  78  7:16  SCV x2  
  78  7:20  Siege Tank  
  78  7:21  Viking x2  
  87  7:27  Terran Vehicle And Ship Armor Level 1  
  87  7:28  SCV x2  
  87  7:29  SCV  
  90  7:40  SCV x2  
  90  7:41  SCV  
  93  7:49  Supply Depot  
  93  7:50  Hellion, Siege Tank  
  98  7:51  Supply Depot  
  98  7:52  SCV x2  
  98  8:04  SCV  
  97  8:17  Supply Depot  
  97  8:18  SCV x3  
  100  8:25  Engineering Bay  
  100  8:30  SCV x2  
  85  8:55  Refinery  
  85  8:56  SCV x3, Missile Turret  
  85  8:58  Refinery  
  88  9:07  Hi-Sec Auto Tracking  
  88  9:08  SCV x3  
  88  9:09  Viking x2, Siege Tank  
  98  9:11  Siege Tank  
  98  9:12  Hellion  
  98  9:13  Hellion  
  105  9:29  Sensor Tower  
  105  9:34  Factory  
  105  9:37  SCV  
  105  9:38  SCV x2  
  108  9:39  Factory  
  108  9:40  Factory  
  108  9:42  Factory  
  108  9:49  SCV  
  108  9:50  SCV  
  108  9:52  SCV  
  111  9:58  Command Center  
  107  10:08  Siege Tank x2  
  107  10:09  Widow Mine x2  
  107  10:10  Drilling Claws  
  107  10:12  Liberator x2  
  123  10:14  Command Center  
  123  10:17  SCV x3, Supply Depot  
  126  10:27  Factory Tech Lab  
  126  10:28  Factory Tech Lab  
  126  10:29  Factory Tech Lab  
  126  10:38  Siege Tank  
  126  10:39  Hellion x2  
  126  10:40  Siege Tank  
  124  11:01  Siege Tank x3  
  124  11:03  Terran Vehicle Weapons Level 2, Supply Depot  
  133  11:04  Terran Vehicle And Ship Armor Level 2  
  133  11:07  Viking x2  
  133  11:10  Thor  
  137  11:25  Starport  
  137  11:37  Viking x2  
  110  12:02  SCV x4  
  110  12:03  Siege Tank x3  
  110  12:04  Siege Tank  
  110  12:05  Hellion x2  
  130  12:16  Orbital Command  
  130  12:17  Starport Reactor  
  130  12:27  Hellion x2  
  134  12:35  SCV x3, Thor x2  
  149  12:37  Supply Depot  
  149  12:38  Siege Tank x2  
  155  12:44  Viking x2  
  155  12:45  Command Center  
  155  12:48  Hellion  
  161  13:00  SCV x2  
  161  13:05  Planetary Fortress  
  163  13:10  Missile Turret  
  162  13:14  Viking x2  
  166  13:20  Siege Tank x3  
  166  13:21  Siege Tank  
  166  13:22  Hellion x2  
  173  13:44  Hellion x2  
  173  13:47  Command Center  
  177  13:52  Siege Tank x2  
  183  13:58  Supply Depot  
  183  14:01  Hellbat  
  183  14:02  Terran Vehicle Weapons Level 3  
  185  14:08  Siege Tank  
  188  14:16  Command Center  
  188  14:37  Command Center  
  188  14:52  Siege Tank x4  
  194  15:24  Terran Vehicle And Ship Armor Level 3, Siege Tank x2  
  191  16:12  Viking x3  
  191  16:13  Viking  
  199  16:31  Starport  
  199  16:34  Planetary Fortress  
  199  17:06  Missile Turret  
  137  17:25  Siege Tank  
  137  17:26  Missile Turret, Siege Tank x3  
  143  17:33  Hellion x2  
  147  17:37  Refinery x2, SCV x3  
  147  17:38  SCV x2  
  152  17:45  Missile Turret  
  152  17:49  SCV x2  
  154  17:54  Hellion  
  154  17:55  Hellion  
  154  17:57  Thor x2  
  170  18:16  Hellion x2, Siege Tank x2  
  179  18:37  Hellion x2  
  183  18:55  Missile Turret  
Tags
 
Add a new tag
Caveats
  • Supply blocks, unpowered buildings, or Contaminate may cause inaccurate times.
  • Supply counts are checked every 10 seconds.